 Dungeon Crawl Stone Soup version 0.29-a0-872-g797fff5ad1 (webtiles) character file.

Game seed: 11977525333759648815

80 jimonade the Sneak (level 4, -2/26 HPs)
             Began as a Kobold Brigand on July 18, 2022.
             Slain by a kobold brigand
             ... wielding a +1 whip of freezing
              (3 damage)
             ... in a sewer.
             The game lasted 00:02:58 (1643 turns).

jimonade the Sneak (Kobold Brigand)                 Turns: 1643, Time: 00:02:59

Health: -2/26      AC:  3    Str:  8    XL:     4   Next: 65%
Magic:  4/4        EV: 14    Int: 12    God:
Gold:   78         SH:  0    Dex: 18    Spells: 3/3 levels left

rFire   . . .      SeeInvis .   a - +4 dagger (venom)
rCold   . . .      Faith    .   (no shield)
rNeg    + . .      Spirit   .   l - +0 robe
rPois   .          Reflect  .   (no helmet)
rElec   .          Harm     .   c - +0 cloak
rCorr   .          Rampage  .   (no gloves)
Will    .....                   (no boots)
Stlth   +++++.....              (no amulet)
HPRegen 0.08/turn               u - ring of positive energy
MPRegen 0.09/turn               (no ring)

@: no status effects
A: small, no large weapons, nightstalker 3
a: no special abilities


You were in a sewer.
You visited 1 branch of the dungeon, and saw 3 of its levels.
You also visited: Sewer.

You collected 78 gold pieces.

Inventory:

Hand Weapons
 a - a +4 dagger of venom (weapon)
 b - a +0 sling
 n - a +2 dagger
Missiles
 d - 9 poisoned darts (quivered)
 e - 3 curare-tipped darts
Armour
 c - a +0 cloak (worn)
 l - a +0 robe (worn)
Magical Staves
 w - a staff of cold
Jewellery
 u - a ring of positive energy (left hand)
Scrolls
 g - a scroll of teleportation
 i - a scroll of blinking {unknown}
 j - a scroll of identify
 k - a scroll of vulnerability {unknown}
 q - 2 scrolls of amnesia {unknown}
 s - a scroll of poison {unknown}
 v - a scroll of torment {unknown}
Potions
 f - 2 potions of magic
 h - a potion of heal wounds {unknown}
 m - a potion of curing {unknown}
 o - a potion of mutation {unknown}
 p - a potion of haste {unknown}
 r - a potion of berserk rage {unknown}
 t - a potion of brilliance {unknown}
 x - a potion of attraction {unknown}


   Skills:
 + Level 2.3 Fighting
 + Level 3.4 Short Blades
 - Level 2.1 Throwing
 + Level 1.2 Dodging
 * Level 7.5 Stealth


You had 3 spell levels left.
You didn't know any spells.
Your spell library contained the following spells:

 Spells                   Type           Power      Damage    Failure   Level
 Confusing Touch          Hex            0%         N/A       69%         3
 Yara's Violent Unravell  Hex/Tmut       0%         3d3       100%        5
 Enfeeble                 Hex            0%         N/A       100%        7


Dungeon Overview and Level Annotations

Branches:
Dungeon (3/15)              Sewer (1/1)

Altars:

Shops:
D:2 *


Innate Abilities, Weirdness & Mutations

You are small and have problems with some larger weapons.
You are completely attuned to the shadows.


Message History

A kobold comes into view. It is wielding a +0 whip.
The helpless kobold fails to defend itself.
You stick the kobold like a pincushion!!!
You kill the kobold! 2 kobold brigands come into view.
A kobold brigand is wielding a +0 dagger and quivering poisoned darts.
A kobold brigand is wielding a +1 whip of freezing and quivering curare-tipped darts.
The kobold brigand shouts!
The kobold brigand throws a poisoned dart.
The poisoned dart barely misses you.
The kobold brigand hits you with a +0 dagger.
You see here a sapphire potion.
The kobold brigand shouts!
You hit the kobold brigand.
The kobold brigand is poisoned.
The kobold brigand is lightly wounded.
The kobold brigand completely misses you.
You barely miss the kobold brigand.
The kobold brigand is lightly wounded.
The kobold brigand barely misses you.
You hit the kobold brigand but do no damage.
The kobold brigand is moderately wounded.
The kobold brigand hits you with a +1 whip of freezing!
The kobold brigand freezes you. The kobold brigand barely misses you.
You completely miss the kobold brigand.
The kobold brigand closely misses you. x2
You hit the kobold brigand.
The kobold brigand is poisoned.
The kobold brigand is lightly wounded.
The kobold brigand closely misses you.
You closely miss the kobold brigand.
The kobold brigand is lightly wounded.
The kobold brigand barely misses you.
The kobold brigand hits you with a +1 whip of freezing.
The kobold brigand freezes you.
You hit the kobold brigand.
The kobold brigand looks as sick as possible!
The kobold brigand is lightly wounded.
The kobold brigand hits you with a +0 dagger.
* * * LOW HITPOINT WARNING * * *
The kobold brigand hits you with a +1 whip of freezing.
* * * LOW HITPOINT WARNING * * *
The kobold brigand freezes you.
You die...

##
###.##
##≈...#
#.K≈K#
#.@.#
##.##
#.# #.#
#.#
##.## #
##.≈≈##
#
##.≈..≈#
≈≈
≈≈...≈≈#


You could see 2 kobold brigands.

Vanquished Creatures
  5 adders
  2 worms
  4 ball pythons
  A bat (D:2)
  4 giant cockroaches
  3 hobgoblins
  3 quokkas (D:3)
  3 frilled lizards
  2 goblins (D:1)
  2 kobolds
  4 rats
33 creatures vanquished.

Notes
Turn   | Place    | Note
-------+----------+-------------------------------------------
     0 | D:1      | jimonade the Kobold Brigand began the quest for the Orb.
     0 | D:1      | Reached XP level 1. HP: 12/12 MP: 1/1
   177 | D:1      | Reached XP level 2. HP: 17/17 MP: 2/2
   187 | D:1      | Reached skill level 6 in Stealth
   912 | D:2      | Reached XP level 3. HP: 21/21 MP: 3/3
   927 | D:2      | Found a faded altar of an unknown god.
   961 | D:2      | Reached skill level 7 in Stealth
   961 | D:2      | Reached XP level 4. HP: 26/26 MP: 4/4
  1090 | D:2      | Found Ful Umi's General Store.
  1411 | D:3      | Found a glowing drain.
  1428 | Sewer    | Entered a sewer
  1634 | Sewer    | Noticed a kobold brigand
  1634 | Sewer    | Noticed a kobold brigand
  1643 | Sewer    | HP: 1/26 [kobold brigand/+1 whip of freezing (6)]
  1643 | Sewer    | Slain by a kobold brigand

Illustrated notes

Levels and vault maps discovered:
D:1:      dpeg_arrival_rooms_c, layout_basic
D:2:      layout_basic, ebering_ecumenical_altar_webs, serial_shops, shop
D:3:      cheibrodos_fertilizer, layout_rooms,
          mainiacjoe_overflow_concentric_impassable, fedhas_altar_1,
          gup_sewer_entry_pipe, uniq_terence, uniq_ijyb
Sewer:    sewer_co_15_rooms

Skill      XL: |  1  2  3 |
---------------+----------+-----
Stealth        | 6 7 |  7.5
Short Blades   | 3 |  3.4
Fighting       | |  2.3
Throwing       | |  2.1
Dodging        | |  1.2

Action                   |  1- 3 |  4- 6 || total
-------------------------+-------+-------++-------
Melee: Dagger            |    24 |    29 ||    53
  Use: Scroll            |       |     3 ||     3
 Stab: Sleeping          |    11 |    11 ||    22
Dodge: Dodged            |     5 |    12 ||    17

Table legend: (Time is in decaauts)
 A = Elapsed time spent in this place.
 B = Non-inter-level travel time spent in this place.
 C = Inter-level travel time spent in this place.
 D = Time resting spent in this place.
 E = Time spent auto-exploring this place.
 F = Levels seen in this place.
 G = Mean time per level.
                   A        B        C        D        E       F      G
               +--------+--------+--------+--------+--------+-----+--------+
         Total |   1659 |   1615 |     44 |      0 |   1381 |   4 |  414.8 |
       Dungeon |   1421 |   1377 |     44 |      0 |   1198 |   3 |  473.7 |
         Sewer |    238 |    238 |      0 |      0 |    183 |   1 |  238.0 |
               +--------+--------+--------+--------+--------+-----+--------+

Top non-repeatable levels by time:
     D:1: 848 daAuts
     D:2: 545 daAuts
   Sewer: 238 daAuts
     D:3: 27 daAuts
